APP
SEATTLE (APP) MARINERS @ GREENEVILLE ASTROS
09/30/2046
 
TOP OF THE 1ST
Seattle (APP) Mariners batting - Pitching for Greeneville Astros : LHP Jason Mitchell
Pitching: LHP Jason Mitchell
Batting: SHB Carlos Luna 0-0: Called Strike
0-1: Ball
1-1: SOLO HOME RUN (Flyball, 8LXD, EV 104.4 MPH), Distance : 430 ft
Batting: RHB Julian Gregory 0-0: Foul Ball, location: 2F
0-1: Foul Ball, location: 2F
0-2: Ball
1-2: Ball
2-2: Foul Ball, location: 2F
2-2: SINGLE (Line Drive, 9S, EV 95.0 MPH)
Batting: RHB Heihachiro Fujita 0-0: Called Strike
Julian Gregory steals 2nd base
0-1: Swinging Strike
0-2: Ball
Passed Ball!
Julian Gregory to third
1-2: Strikes out swinging
Batting: RHB Ivan Davila 0-0: Ball
1-0: Ball
2-0: Called Strike
2-1: Ball
3-1: Base on Balls
Batting: RHB Hideo Okimura 0-0: Ball
1-0: Ball
2-0: Ball
3-0: Base on Balls
Ivan Davila to second
Batting: RHB Kinzo Yokoyama 0-0: Foul Ball, location: 2F
0-1: Ball
1-1: Foul Ball, location: 2F
1-2: Fly out, F9 (Line Drive, 9, EV 93.1 MPH)
Batting: SHB Frank Amato 0-0: Ball
1-0: Called Strike
1-1: DOUBLE (Line Drive, 78D, EV 104.4 MPH)
Julian Gregory scores
Ivan Davila scores
Hideo Okimura to third
Batting: RHB Danny Pujols 0-0: Called Strike
0-1: Swinging Strike
0-2: Strikes out swinging
Top of the 1st over - 3 runs, 3 hits, 0 errors, 2 left on base; Seattle (APP) 3 - Greeneville 0
BOTTOM OF THE 1ST
Greeneville Astros batting - Pitching for Seattle (APP) Mariners : LHP David Reyes
Pitching: LHP David Reyes
Batting: RHB Omar Amaya 0-0: Swinging Strike
0-1: Foul Ball, location: 2F
0-2: Strikes out looking
Batting: SHB Miguel Sierra 0-0: SINGLE (Line Drive, 89S, EV 108.1 MPH)
Batting: LHB Mark Dearth 0-0: Ball
1-0: Ball
Miguel Sierra steals 2nd, throwing error, E2
Miguel Sierra to third
2-0: Called Strike
2-1: Foul Ball, location: 2F
2-2: Ball
3-2: Ground out 6-3 (Groundball, 6S, EV 75.0 MPH)
Miguel Sierra scores
Batting: RHB Erik Smith 0-0: Called Strike
0-1: Swinging Strike
0-2: Ball
1-2: Ball
2-2: Strikes out looking
Bottom of the 1st over - 1 run, 1 hit, 1 error, 0 left on base; Seattle (APP) 3 - Greeneville 1
TOP OF THE 2ND
Seattle (APP) Mariners batting - Pitching for Greeneville Astros : LHP Jason Mitchell
Batting: RHB David Greene 0-0: Swinging Strike
0-1: Foul Ball, location: 2F
0-2: Foul Ball, location: 2F
0-2: Ball
1-2: Strikes out swinging
Batting: SHB Carlos Luna 0-0: Ball
1-0: Ball
2-0: Called Strike
2-1: Ball
3-1: Fly out, F8 (Flyball, 8LD, EV 92.5 MPH)
Batting: RHB Julian Gregory 0-0: Called Strike
0-1: Ball
1-1: Foul Ball, location: 2F
1-2: Ball
2-2: Ball
3-2: Base on Balls
Batting: RHB Heihachiro Fujita 0-0: Ball
1-0: Foul Ball, location: 2F
1-1: Ball
2-1: Ground out 4-3 (Groundball, 4S, EV 70.6 MPH)
Top of the 2nd over - 0 runs, 0 hits, 0 errors, 1 left on base; Seattle (APP) 3 - Greeneville 1
BOTTOM OF THE 2ND
Greeneville Astros batting - Pitching for Seattle (APP) Mariners : LHP David Reyes
Batting: RHB Gabe Allen 0-0: Foul Ball, location: 2F
0-1: Called Strike
0-2: Ball
1-2: Ball
2-2: Foul Ball, location: 2F
2-2: Strikes out swinging
Batting: LHB Daigo Ishii 0-0: Ball
1-0: Foul Ball, location: 2F
1-1: Called Strike
1-2: Strikes out swinging
Batting: RHB Yoshitoshi Mori 0-0: Ball
1-0: Called Strike
1-1: Called Strike
1-2: Strikes out swinging
Bottom of the 2nd over - 0 runs, 0 hits, 0 errors, 0 left on base; Seattle (APP) 3 - Greeneville 1
TOP OF THE 3RD
Seattle (APP) Mariners batting - Pitching for Greeneville Astros : LHP Jason Mitchell
Batting: RHB Ivan Davila 0-0: Foul Ball, location: 2F
0-1: Ball
1-1: Ball
2-1: Swinging Strike
2-2: Foul Ball, location: 2F
2-2: Ground out 5-3 (Groundball, 56, EV 82.5 MPH)
Batting: RHB Hideo Okimura 0-0: Hit by Pitch
Batting: RHB Kinzo Yokoyama 0-0: 2-RUN HOME RUN (Flyball, 7D, EV 105.0 MPH), Distance : 392 ft
Pitching: RHP Max Warburton
Batting: SHB Frank Amato 0-0: Ball
1-0: Fly out, F7 (Flyball, 7, EV 86.2 MPH)
Batting: RHB Danny Pujols 0-0: Swinging Strike
0-1: SOLO HOME RUN (Flyball, 9D, EV 93.8 MPH), Distance : 362 ft
Batting: RHB David Greene 0-0: SOLO HOME RUN (Flyball, 78XD, EV 109.4 MPH), Distance : 410 ft
Batting: SHB Carlos Luna 0-0: Ball
1-0: Ground out 4-3 (Groundball, 4, EV 93.1 MPH)
Top of the 3rd over - 4 runs, 3 hits, 0 errors, 0 left on base; Seattle (APP) 7 - Greeneville 1
BOTTOM OF THE 3RD
Greeneville Astros batting - Pitching for Seattle (APP) Mariners : LHP David Reyes
Batting: RHB Guo-ning Chen 0-0: Ball
1-0: Ball
2-0: Ball
3-0: Called Strike
3-1: Called Strike
3-2: Strikes out swinging
Batting: RHB Roger Pelley 0-0: Foul Ball, location: 2F
0-1: Called Strike
0-2: Strikes out looking
Batting: RHB Omar Amaya 0-0: Ball
1-0: Called Strike
1-1: Foul Ball, location: 2F
1-2: Ground out 6-3 (Groundball, 6, EV 91.2 MPH)
Bottom of the 3rd over - 0 runs, 0 hits, 0 errors, 0 left on base; Seattle (APP) 7 - Greeneville 1
TOP OF THE 4TH
Seattle (APP) Mariners batting - Pitching for Greeneville Astros : RHP Max Warburton
Batting: RHB Julian Gregory 0-0: Ball
1-0: Ball
2-0: Foul Ball, location: 2F
2-1: Ball
3-1: Foul Ball, location: 2F
3-2: Base on Balls
Batting: RHB Heihachiro Fujita 0-0: Ball
1-0: Ball
2-0: Ball
3-0: Called Strike
3-1: Fly out, F8 (Flyball, 8RM, EV 79.4 MPH)
Batting: RHB Ivan Davila 0-0: Called Strike
0-1: Swinging Strike
0-2: Ball
1-2: Strikes out swinging
Batting: RHB Hideo Okimura 0-0: Ball
1-0: Called Strike
1-1: Foul Ball, location: 2F
1-2: Ball
2-2: Ball
3-2: Base on Balls
Julian Gregory to second
Batting: RHB Kinzo Yokoyama 0-0: Ball
1-0: Foul Ball, location: 2F
1-1: Foul Ball, location: 2F
1-2: Fly out, F7 (Flyball, 78M, EV 88.8 MPH)
Top of the 4th over - 0 runs, 0 hits, 0 errors, 2 left on base; Seattle (APP) 7 - Greeneville 1
BOTTOM OF THE 4TH
Greeneville Astros batting - Pitching for Seattle (APP) Mariners : LHP David Reyes
Batting: SHB Miguel Sierra 0-0: Ground out 4-3 (Groundball, 4, EV 102.5 MPH)
Batting: LHB Mark Dearth 0-0: SINGLE (Line Drive, 89M, EV 98.1 MPH)
Batting: RHB Erik Smith 0-0: Called Strike
0-1: Reached on error, E6 (Groundball, 6, EV 92.5 MPH)
Mark Dearth to second
Batting: RHB Gabe Allen 0-0: Ball
1-0: Foul Ball, location: 2F
1-1: Ball
2-1: Foul Ball, location: 2F
2-2: Ball
3-2: Base on Balls
Mark Dearth to third
Erik Smith to second
Batting: LHB Daigo Ishii 0-0: Foul Ball, location: 2F
0-1: Ball
1-1: Foul Ball, location: 2F
1-2: Ball
2-2: Foul Ball, location: 2F
2-2: SINGLE (Line Drive, 8LS, EV 88.1 MPH)
Mark Dearth scores
Erik Smith to third
Gabe Allen to second
Runner from 3rd tries for Home, SAFE, throw by CF to home
Batting: RHB Yoshitoshi Mori 0-0: Ball
1-0: Ball
2-0: Ball
3-0: Base on Balls
Gabe Allen to third
Daigo Ishii to second
Batting: RHB Guo-ning Chen 0-0: Ball
1-0: Foul Ball, location: 2F
1-1: Foul Ball, location: 2F
1-2: Ball
2-2: Foul Ball, location: 2F
2-2: Foul Ball, location: 2F
2-2: Ball
3-2: Foul Ball, location: 2F
3-2: Base on Balls
Gabe Allen scores
Daigo Ishii to third
Yoshitoshi Mori to second
Batting: RHB Roger Pelley 0-0: Ball
1-0: Called Strike
1-1: Swinging Strike
1-2: Ball
2-2: Strikes out swinging
Pitching: RHP Dave Williams
Batting: RHB Omar Amaya 0-0: Ball
1-0: Ball
2-0: Called Strike
2-1: Fielders Choice at 2nd, 6-4 (Groundball, 6, EV 101.9 MPH)
Bottom of the 4th over - 3 runs, 2 hits, 1 error, 3 left on base; Seattle (APP) 7 - Greeneville 4
TOP OF THE 5TH
Seattle (APP) Mariners batting - Pitching for Greeneville Astros : RHP Max Warburton
Batting: SHB Frank Amato 0-0: Called Strike
0-1: Called Strike
0-2: Ball
1-2: Strikes out swinging
Batting: RHB Danny Pujols 0-0: Ball
1-0: Ball
2-0: Ball
3-0: Base on Balls
Batting: RHB David Greene 0-0: Ball
Danny Pujols is caught stealing 2nd base 2-4
1-0: Ball
2-0: Called Strike
2-1: Ball
3-1: Base on Balls
Pitching: RHP Mike Wirick
Batting: SHB Carlos Luna 0-0: Ball
Pickoff Throw to First - Out! 1-3
Top of the 5th over - 0 runs, 0 hits, 0 errors, 0 left on base; Seattle (APP) 7 - Greeneville 4
BOTTOM OF THE 5TH
Greeneville Astros batting - Pitching for Seattle (APP) Mariners : RHP Dave Williams
Batting: SHB Miguel Sierra 0-0: Called Strike
0-1: Ball
1-1: Called Strike
1-2: Ball
2-2: Foul Ball, location: 2F
2-2: Ball
3-2: TRIPLE (Line Drive, 9LD, EV 106.9 MPH)
Batting: LHB Mark Dearth 0-0: Fly out, F8 (Flyball, 89M, EV 93.8 MPH)
Runner from 3rd tags up, SCORES, throw by CF
Batting: RHB Erik Smith 0-0: Ball
1-0: Ball
2-0: Foul Ball, location: 2F
2-1: Fly out, F7 (Flyball, 7D, EV 98.1 MPH)
Batting: RHB Gabe Allen 0-0: Ground out 5-3 (Groundball, 56S, EV 93.1 MPH)
Bottom of the 5th over - 1 run, 1 hit, 0 errors, 0 left on base; Seattle (APP) 7 - Greeneville 5
TOP OF THE 6TH
Seattle (APP) Mariners batting - Pitching for Greeneville Astros : RHP Mike Wirick
Batting: SHB Carlos Luna 0-0: Foul Ball, location: 2F
0-1: Ball
1-1: Ball
2-1: Ball
3-1: Base on Balls
Batting: RHB Julian Gregory 0-0: Called Strike
0-1: Ball
1-1: Foul Ball, location: 2F
1-2: Ball
2-2: DOUBLE (Line Drive, 9LM, EV 99.4 MPH)
Carlos Luna to third
Pinch Runner at 2nd Jim Begger:
Batting: RHB Heihachiro Fujita 0-0: Ball
1-0: Called Strike
1-1: Called Strike
1-2: Ground out U3 (Groundball, 34, EV 110.0 MPH)
Batting: RHB Ivan Davila 0-0: Foul Ball, location: 2F
0-1: SINGLE (Line Drive, 78S, EV 91.9 MPH)
Carlos Luna scores
Jim Begger to third
Batting: RHB Hideo Okimura 0-0: Called Strike
0-1: Called Strike
0-2: Ball
1-2: Foul Ball, location: 2F
1-2: Foul Ball, location: 2F
1-2: Fielders Choice at 2nd, 4-6 (Groundball, 4, EV 99.4 MPH)
Jim Begger scores
Batting: RHB Kinzo Yokoyama 0-0: Ball
1-0: Called Strike
1-1: Fly out, F8 (Flyball, 78D, EV 96.9 MPH)
Top of the 6th over - 2 runs, 2 hits, 0 errors, 1 left on base; Seattle (APP) 9 - Greeneville 5
BOTTOM OF THE 6TH
Greeneville Astros batting - Pitching for Seattle (APP) Mariners : RHP Dave Williams
Now at 2B: Jim Begger
Now at SS: David Greene
Now in CF: Kinzo Yokoyama
Batting: LHB Daigo Ishii 0-0: Swinging Strike
0-1: Foul Ball, location: 2F
0-2: Ball
1-2: Ball
2-2: Ball
3-2: Strikes out looking
Batting: RHB Yoshitoshi Mori 0-0: Ball
1-0: Ball
2-0: Called Strike
2-1: Ball
3-1: Fly out, F9 (Flyball, 89S, EV 80.0 MPH)
Pitching: RHP Daniel Villalobos
Batting: RHB Guo-ning Chen 0-0: Called Strike
0-1: Ball
1-1: SINGLE (Groundball, 6MS, EV 76.2 MPH) (infield hit)
Batting: RHB Roger Pelley 0-0: Called Strike
0-1: Foul Ball, location: 2F
0-2: Ball
1-2: Ball
2-2: Strikes out looking
Bottom of the 6th over - 0 runs, 1 hit, 0 errors, 1 left on base; Seattle (APP) 9 - Greeneville 5
TOP OF THE 7TH
Seattle (APP) Mariners batting - Pitching for Greeneville Astros : RHP Mike Wirick
Batting: SHB Frank Amato 0-0: Ball
1-0: Fly out, F4 (Line Drive, 4D, EV 63.8 MPH)
Batting: RHB Danny Pujols 0-0: Ball
1-0: Ball
2-0: Called Strike
2-1: Swinging Strike
2-2: Reached on error, E6 (Groundball, 6M, EV 94.4 MPH)
Batting: RHB David Greene 0-0: Ball
1-0: Ball
2-0: Called Strike
2-1: Fly out, F9 (Flyball, 89M, EV 94.4 MPH)
Batting: SHB Carlos Luna 0-0: Ball
1-0: TRIPLE (Groundball, 3L, EV 97.5 MPH)
Danny Pujols scores
Batting: RHB Jim Begger 0-0: Called Strike
0-1: Ball
1-1: Ball
2-1: Swinging Strike
2-2: Ball
3-2: Base on Balls
Batting: RHB Heihachiro Fujita 0-0: Foul Ball, location: 2F
0-1: Foul Ball, location: 2F
0-2: Ball
1-2: Ball
2-2: Strikes out swinging
Top of the 7th over - 1 run, 1 hit, 1 error, 2 left on base; Seattle (APP) 10 - Greeneville 5
BOTTOM OF THE 7TH
Greeneville Astros batting - Pitching for Seattle (APP) Mariners : RHP Daniel Villalobos
Batting: RHB Omar Amaya 0-0: Called Strike
0-1: Swinging Strike
0-2: Ball
1-2: Strikes out swinging
Batting: SHB Miguel Sierra 0-0: Called Strike
0-1: Ground out 5-3 (Groundball, 56, EV 86.2 MPH)
Batting: LHB Mark Dearth 0-0: Fly out, F8 (Line Drive, 8RM, EV 85.0 MPH)
Bottom of the 7th over - 0 runs, 0 hits, 0 errors, 0 left on base; Seattle (APP) 10 - Greeneville 5
TOP OF THE 8TH
Seattle (APP) Mariners batting - Pitching for Greeneville Astros : RHP Mike Wirick
Pitching: RHP Jon Davis
Batting: RHB Ivan Davila 0-0: Ball
1-0: Ground out 5-3 (Groundball, 56S, EV 72.5 MPH)
Batting: RHB Hideo Okimura 0-0: Called Strike
0-1: Ball
1-1: Ball
2-1: Called Strike
2-2: Ball
3-2: Strikes out swinging
Batting: RHB Kinzo Yokoyama 0-0: Ball
1-0: Called Strike
1-1: Ball
2-1: Swinging Strike
2-2: Strikes out looking
Top of the 8th over - 0 runs, 0 hits, 0 errors, 0 left on base; Seattle (APP) 10 - Greeneville 5
BOTTOM OF THE 8TH
Greeneville Astros batting - Pitching for Seattle (APP) Mariners : RHP Daniel Villalobos
Batting: RHB Erik Smith 0-0: Called Strike
0-1: Ball
1-1: Swinging Strike
1-2: Strikes out swinging
Pitching: LHP Chris Wheeler
Batting: RHB Gabe Allen 0-0: Fly out, F8 (Flyball, 8RD, EV 97.5 MPH)
Batting: LHB Daigo Ishii 0-0: Foul Ball, location: 2F
0-1: Ball
1-1: Called Strike
1-2: Foul Ball, location: 2F
1-2: Foul Ball, location: 2F
1-2: Strikes out swinging
Bottom of the 8th over - 0 runs, 0 hits, 0 errors, 0 left on base; Seattle (APP) 10 - Greeneville 5
TOP OF THE 9TH
Seattle (APP) Mariners batting - Pitching for Greeneville Astros : RHP Jon Davis
Batting: SHB Frank Amato 0-0: Ball
1-0: Ball
2-0: Ball
3-0: Foul Ball, location: 2F
3-1: Base on Balls
Pitching: RHP Matt Doherty
Batting: RHB Danny Pujols 0-0: SINGLE (Groundball, 34D, EV 100.0 MPH)
Frank Amato to second
Runner from 2nd tries for 3rd, SAFE, throw by RF made to third
Batting: RHB David Greene 0-0: Ball
1-0: Ball
2-0: Ball
3-0: Base on Balls
Danny Pujols to second
Batting: SHB Carlos Luna 0-0: Fly out, F8 (Flyball, 8RS, EV 96.9 MPH)
Batting: RHB Jim Begger 0-0: Ball
1-0: Ball
2-0: Foul Ball, location: 2F
2-1: Foul Ball, location: 2F
2-2: Ball
3-2: Base on Balls
Frank Amato scores
Danny Pujols to third
David Greene to second
Batting: RHB Heihachiro Fujita 0-0: Ball
1-0: Ball
2-0: Ball
3-0: Base on Balls
Danny Pujols scores
David Greene to third
Jim Begger to second
Batting: RHB Ivan Davila 0-0: Ball
1-0: Ball
2-0: Ball
3-0: Called Strike
3-1: Base on Balls
David Greene scores
Jim Begger to third
Heihachiro Fujita to second
Pitching: RHP Greg Otto
Batting: RHB Hideo Okimura 0-0: Ball
1-0: Called Strike
1-1: SINGLE (Flyball, 3D, EV 91.2 MPH)
Jim Begger scores
Heihachiro Fujita to third
Ivan Davila to second
Batting: RHB Kinzo Yokoyama 0-0: Called Strike
0-1: Ball
1-1: Ball
2-1: Ball
3-1: Called Strike
3-2: Base on Balls
Heihachiro Fujita scores
Ivan Davila to third
Hideo Okimura to second
Batting: SHB Frank Amato 0-0: Ball
1-0: Ball
2-0: Ball
3-0: Base on Balls
Ivan Davila scores
Hideo Okimura to third
Kinzo Yokoyama to second
Batting: RHB Danny Pujols 0-0: Ball
1-0: Fielders Choice at 2nd, 5-4 (Groundball, 56, EV 103.8 MPH)
Hideo Okimura scores
Kinzo Yokoyama to third
Pinch Hitting: RHB Jwahir Pili 0-0: Ball
1-0: Called Strike
1-1: Ball
2-1: SINGLE (Groundball, 6D, EV 102.5 MPH)
Kinzo Yokoyama scores
Danny Pujols to second
Pitching: RHP James Browning
Batting: SHB Carlos Luna 0-0: Ball
1-0: Fly out, F8 (Flyball, 8RD, EV 76.2 MPH)
Top of the 9th over - 8 runs, 3 hits, 0 errors, 2 left on base; Seattle (APP) 18 - Greeneville 5
BOTTOM OF THE 9TH
Greeneville Astros batting - Pitching for Seattle (APP) Mariners : LHP Chris Wheeler
Now at SS: Jwahir Pili
Batting: RHB Yoshitoshi Mori 0-0: Called Strike
0-1: SINGLE (Groundball, 4M, EV 103.8 MPH)
Batting: RHB Guo-ning Chen 0-0: Grounds into double play, 5-4-3 (Groundball, 56, EV 86.9 MPH)
Batting: RHB Roger Pelley 0-0: Called Strike
0-1: Ball
1-1: Called Strike
1-2: Foul Ball, location: 2F
1-2: Strikes out swinging
Bottom of the 9th over - 0 runs, 1 hit, 0 errors, 0 left on base; Seattle (APP) 18 - Greeneville 5
Tuesday, September 13th , 2022 - OOTP Baseball 23.7 Build 88